Cogmind - Beta 14 --- EXPLORER MODE // 2024.11.22 @ 05:26:01 Player: Nah Bohdi Result: Self-destructed Performance ------------- Evolutions (0) 0 Regions Visited (4) 800 Robots Destroyed (55) 275 Value Destroyed (1345) 1345 Prototype IDs (13) 260 Alien Tech Used (0) 0 Bonus (-46) -46 TOTAL SCORE: 2634 Bonus ------- Friendly Fire -46 Cogmind --------- Core Integrity 117/250 Matter 300/300 Energy 180/180 System Corruption 0% Temperature Cool (0) Movement Rolling (115) Ox1 Location -7/Scraptown Parts ------- > --- POWER (1) -------- Meta Core > --- PROPULSION (2) --- Armored Huge Wheel > --- UTILITY (3) ------ Medium Storage Unit Scrap Shield > --- WEAPON (2+1) ----- Plasma Cannon Battle Cannon (+) Makeshift Sword > --- INVENTORY (10) --- Transmission Jammer Transmission Jammer Improved Weapon Shielding Improved Medium Armor Plating Hacking Suite Flak Gun Improved Grenade Launcher CPS Tube (2) CPS Tube (2) Chainsword Peak State ------------ > --- POWER ------------ Meta Core > --- PROPULSION ------- Armored Huge Wheel > --- UTILITY ---------- Medium Storage Unit Advanced Targeting Computer Scrap Shield > --- WEAPON ----------- Plasma Cannon Battle Cannon Makeshift Sword > --- INVENTORY -------- Compact Wheel Compact Wheel Transmission Jammer Improved Weapon Shielding Improved Medium Armor Plating Hacking Suite Flak Gun Improved Grenade Launcher CPS Tube Chainsword [Rating: 42] Favorites ----------- Power Meta Core Engine Light Ion Engine Power Core Meta Core Propulsion Compact Wheel Wheel Compact Wheel Hover Unit Hover Unit Flight Unit Flight Unit Utility Scrap Shield Device Sensor Array Storage Medium Storage Unit Processor Visual Processing Unit Protection Scrap Shield Weapon Battle Cannon Energy Cannon Subdweller Beam Cannon Ballistic Gun Barrage Gun Ballistic Cannon Battle Cannon Launcher Rocket Launcher Special Weapon Mining Laser Slashing Weapon Chainsword Piercing Weapon Spear Build | -11 -10 -10 -7 -7 ------- Run | Yrd Mat Sub Rec Scr Slots Evolved 1 | . 1 . . . Power . | . . . . . Propulsion . | . . . . . Utility 1 | . 1 . . . Weapon . | . . . . . Parts Attached 70 | 3 24 25 14 4 Power 9 | . 3 6 . . Engine 8 | . 3 5 . . Core 1 | . . 1 . . Reactor . | . . . . . Propulsion 19 | . 7 3 7 2 Treads . | . . . . . Leg . | . . . . . Wheel 12 | . . 3 7 2 Hover 5 | . 5 . . . Flight 2 | . 2 . . . Utility 12 | 1 5 4 2 . Device 6 | 1 3 2 . . Storage 1 | . . . 1 . Processor 4 | . 2 1 1 . Hackware . | . . . . . Protection 1 | . . 1 . . Artifact . | . . . . . Weapon 30 | 2 9 12 5 2 Energy Gun . | . . . . . Energy Cannon 6 | . 2 1 2 1 Ballistic Gun 10 | 2 4 4 . . Ballistic Cannon 5 | . . 4 1 . Launcher 5 | . 2 3 . . Special Weapon 1 | . 1 . . . Impact Weapon . | . . . . . Slashing Weapon 2 | . . . 1 1 Piercing Weapon 1 | . . . 1 . Special Melee Weapon . | . . . . . Unidentified Prototypes . | . . . . . Parts Lost 6 | . . 5 . 1 Power 3 | . . 3 . . Propulsion 2 | . . 2 . . Utility 1 | . . . . 1 Weapon . | . . . . . Highest Loss Streak 2 | . . 2 . 1 To Critical Strikes 1 | . . 1 . . Average Slot Usage (%) 70 | . 78 62 89 80 Engine 5 | . 7 7 . . Core 3 | . . 1 10 10 Wheel 6 | . . 3 20 10 Hover 3 | . 5 3 . . Flight 1 | . 10 . . . Device 8 | . 25 7 . . Storage 1 | . . . 4 10 Processor 8 | . 10 6 15 10 Protection 8 | . . 9 10 10 Energy Cannon 6 | . . 7 7 9 Ballistic Gun 4 | . 12 4 . . Ballistic Cannon 5 | . . 5 9 10 Launcher 2 | . 1 3 3 . Slashing Weapon 1 | . . . 4 10 Peak Build Rating 42 | 3 9 27 35 42 Average Rating 17 | 2 6 14 34 40 On Entrance 14 | . 3 7 27 35 Naked Turns . | . . . . . Heaviest Build 47 | 5 11 37 47 47 Greatest Support 50 | 3 12 50 32 32 Greatest Overweight (x) 12 | 1 2 12 3 1 Average Overweight (x) 1 | . . 2 1 1 Largest Inventory Capacity 10 | 5 5 5 10 10 Average Capacity 5 | 5 5 5 7 10 Most Carried 10 | 5 5 5 10 10 Average Carried 5 | 4 4 4 6 9 Final Capacity 10 | 5 5 5 10 10 Final Carried 10 | 5 5 5 10 10 Class Distribution -------------------- 91% | Hacker-Mutant 6% | Subdweller-Mutant Dominant Class ---------------- Hacker-Mutant | -10/Materials Hacker-Mutant | -10/Subcaves Hacker-Mutant | -7/Recycling Hacker-Mutant | -7/Scraptown Resources | -11 -10 -10 -7 -7 ----------- Run | Yrd Mat Sub Rec Scr Matter Collected 2056 | 260 340 1251 165 40 Remotely . | . . . . . Salvage Created 2286 | 94 303 597 1292 . Parts 114 | 2 23 38 51 . Haulers Intercepted . | . . . . . Recyclers Shooed 2 | . 1 . 1 . Parts Field Recycled . | . . . . . Retrieved Matter . | . . . . . Parts Self-Destructed . | . . . . . Prevented . | . . . . . Kills | -11 -10 -10 -7 -7 ------- Run | Yrd Mat Sub Rec Scr Combat Hostiles Destroyed 32 | . 8 22 2 . Melee 2 | . . . 2 . Guns 8 | . 4 4 . . Cannons 11 | . . 11 . . AOE 11 | . 4 7 . . Classes Destroyed 11 | 2 5 4 . . Builder 6 | . 4 . 2 . Tunneler 1 | 1 . . . . Recycler 10 | 1 1 . 8 . Mechanic 1 | . 1 . . . Turret 2 | . . 2 . . Watcher 3 | . 3 . . . Swarmer 6 | . 2 4 . . Grunt 7 | . 6 1 . . Sentry 3 | . . 1 2 . Artisan 3 | . . 3 . . Subdweller 16 | . . 16 . . Best Kill Streak 8 | 2 5 4 8 . Combat Bots Only 4 | . 2 4 1 . Max Kills in Single Turn 3 | 1 3 2 1 . Gunslinging . | . . . . . Exploded 1 | . 1 1 . . Melee 1 | . . . 1 . Uniques/NPCs Destroyed . | . . . . . Combat | -11 -10 -10 -7 -7 -------- Run | Yrd Mat Sub Rec Scr Hostile Shots Fired 285 | . 42 163 72 8 Missed 106 | . 11 65 29 1 Damage Taken 1354 | . 263 761 177 153 Core 133 | . 54 63 16 . Absorbed by Shields . | . . . . . Ignored by Resistances 868 | . 165 486 128 89 Regen/Repaired (Parts) 26 | . 26 . . . Core Remaining (%) 100 | 100 . . . . Volleys Fired 150 | 5 42 103 . . Largest 2 | 2 2 2 . . Hottest 160 | 40 160 119 . . Shots Fired 235 | 10 56 169 . . Gun 96 | 10 34 52 . . Cannon 86 | . 2 84 . . Launcher 45 | . 12 33 . . Special 8 | . 8 . . . Kinetic 166 | 10 34 122 . . Thermal 24 | . 10 14 . . Explosive 45 | . 12 33 . . Electromagnetic . | . . . . . Robot Hit Streak 26 | 8 12 26 . . Robot Miss Streak 2 | . 2 1 . . Penetration Max . | . . . . . Secondary Targets 1 | . 1 . . . Max Gunslinging Chain 1 | . 1 . . . Shots Hit Robots 187 | 8 37 103 39 . Core Hits 91 | 3 24 46 18 . Critical Kills . | . . . . . Critical Parts Destroyed . | . . . . . Critical Strikes 6 | . . 3 3 . Blast 3 | . . 3 . . Impale 3 | . . . 3 . Melee Attacks 50 | . . . 49 1 Impact . | . . . . . Slashing 11 | . . . 10 1 Piercing 39 | . . . 39 . Sneak Attacks 11 | . . . 11 . Combat Hostiles 1 | . . . 1 . Follow-up Attacks . | . . . . . Damage Inflicted 5808 | 109 1138 2600 1961 . Guns 1000 | 109 311 580 . . Cannons 1004 | . 34 970 . . Explosions 1765 | . 715 1050 . . Melee 1961 | . . . 1961 . Ramming 6 | . 6 . . . Kinetic 1784 | 109 311 1364 . . Thermal 377 | . 191 186 . . Explosive 1680 | . 630 1050 . . Electromagnetic . | . . . . . Impact . | . . . . . Slashing 505 | . . . 505 . Piercing 1456 | . . . 1456 . Highest Corruption . | . . . . . Average Corruption . | . . . . . Corruption Purged . | . . . . . Corruption Blocked . | . . . . . Overload Shots . | . . . . . Overflow Damage 501 | . 99 10 392 . Projectiles 10 | . . 10 . . Explosions 99 | . 99 . . . Melee 392 | . . . 392 . Knockbacks 6 | . . 6 . . Impact . | . . . . . Kinetic 6 | . . 6 . . Secondary . | . . . . . Self-Inflicted Damage 4 | . 4 . . . Shots 1 | . 1 . . . Rammed 1 | . 1 . . . Targets Rammed 1 | . 1 . . . Kicked . | . . . . . Crushed . | . . . . . Highest Temperature 197 | . 197 165 . . Average Temperature 56 | . 56 56 . . Received Heat Transfer 729 | . 213 438 78 . Siege Activations . | . . . . . Robots Corrupted . | . . . . . Combat Hostiles . | . . . . . Parts Fried . | . . . . . Impact Corruptions . | . . . . . Robots Melted . | . . . . . Combat Hostiles . | . . . . . Parts Melted . | . . . . . Heat Transferred 533 | . 274 259 . . Parts Sabotaged . | . . . . . Parts Stolen . | . . . . . Parts Stripped . | . . . . . Power Chain Reactions . | . . . . . Alert | -11 -10 -10 -7 -7 ------- Run | Yrd Mat Sub Rec Scr Peak Influence 169 | 10 169 . 72 . Initial 4 | . 4 . . . Average 30 | 7 45 . 18 . Maximum Alert Level . | . . . . . Low Security (%) 100 | 100 100 . 100 . Level 1 . | . . . . . Level 2 . | . . . . . Level 3 . | . . . . . Level 4 . | . . . . . Level 5 . | . . . . . High Security . | . . . . . Max Security . | . . . . . Squads Dispatched 1 | . 1 . . . Investigation 1 | . 1 . . . Extermination . | . . . . . Reinforcement . | . . . . . Assault . | . . . . . Garrison . | . . . . . Intercept . | . . . . . Searches Triggered . | . . . . . Construction Impeded . | . . . . . Haulers Reinforced . | . . . . . Active Scanning Responses . | . . . . . Cargo Convoy Interrupts . | . . . . . Stealth | -11 -10 -10 -7 -7 --------- Run | Yrd Mat Sub Rec Scr Distress Signals 1 | . 1 . . . Communications Jammed . | . . . . . Distress Signals . | . . . . . Times Spotted 46 | . 16 25 2 3 Peak Tracking Total 6 | . 3 6 1 5 Tactical Retreats 5 | . 2 3 . . Traps | -11 -10 -10 -7 -7 ------- Run | Yrd Mat Sub Rec Scr Traps Triggered 2 | . 2 . . . Indirectly . | . . . . . Trap Hack Attempts . | . . . . . Triggered . | . . . . . Disarmed . | . . . . . Reprogrammed . | . . . . . Reused . | . . . . . Traps Extracted . | . . . . . Installed . | . . . . . Triggered . | . . . . . Machines | -11 -10 -10 -7 -7 ---------- Run | Yrd Mat Sub Rec Scr Machines Disabled 6 | . 1 5 . . Max in Single Turn 3 | . 1 3 . . Machines Repaired . | . . . . . Machines Dismantled . | . . . . . Machines Sabotaged . | . . . . . Overloaded Fab Kills . | . . . . . Hacking | -11 -10 -10 -7 -7 --------- Run | Yrd Mat Sub Rec Scr Machines Accessed 26 | . 11 1 12 2 Terminals 14 | . 8 . 6 . Fabricators . | . . . . . Repair Stations 1 | . 1 . . . Recycling Units 7 | . 2 . 5 . Scanalyzers . | . . . . . Garrison Access . | . . . . . Total Hacks 59 | . 23 2 21 13 Successful 51 | . 18 2 18 13 Failed 8 | . 5 . 3 . Catastrophic . | . . . . . Database Lockouts . | . . . . . Manual 20 | . 12 . 8 . Terminals 32 | . 18 . 14 . Fabricators . | . . . . . Repair Stations 2 | . 2 . . . Recycling Units 9 | . 3 . 6 . Scanalyzers . | . . . . . Garrison Access . | . . . . . Terminal Hacks 29 | . 7 2 7 13 Record 17 | . . 1 3 13 Robot Analysis 1 | . 1 . . . Prototype ID Bank 1 | . 1 . . . Unreport Threat 1 | . 1 . . . Registered Components 1 | . 1 . . . Zone Layout 6 | . 3 . 3 . Derelict Proto ID Bank 1 | . . 1 . . Release Object 1 | . . . 1 . Fabricator Hacks . | . . . . . Repair Station Hacks 2 | . 2 . . . Scan Component 1 | . 1 . . . Repair 1 | . 1 . . . Recycling Unit Hacks 7 | . 2 . 5 . Retrieve Components 7 | . 2 . 5 . Scanalyzer . | . . . . . Garrison Access Hacks . | . . . . . Unauthorized Hacks 13 | . 7 . 6 . Terminals 13 | . 7 . 6 . Botnet 13 | . 7 . 6 . Fabricators . | . . . . . Repair Stations . | . . . . . Recycling Units . | . . . . . Scanalyzers . | . . . . . Garrison Access . | . . . . . Data Cores Recovered . | . . . . . Used . | . . . . . Hacking Detections 7 | . 4 . 3 . Full Trace Events 2 | . 1 . 1 . Feedback Events . | . . . . . Feedback Blocked . | . . . . . Robot Schematics Acquired . | . . . . . Robots Built . | . . . . . Authchips . | . . . . . Time . | . . . . . Total Robot Build Rating . | . . . . . Part Schematics Acquired . | . . . . . Parts Built . | . . . . . Authchips . | . . . . . Time . | . . . . . Total Part Build Rating . | . . . . . Parts Repaired 1 | . 1 . . . Time 26 | . 26 . . . Parts Recycled . | . . . . . Recycled Matter . | . . . . . Retrieved Matter . | . . . . . Retrieved Components 26 | . 11 . 15 . Parts Scanalyzed . | . . . . . Part Schematics Acquired . | . . . . . Parts Damaged . | . . . . . Bothacking | -11 -10 -10 -7 -7 ------------ Run | Yrd Mat Sub Rec Scr Used RIF Installer . | . . . . . Robots Hacked . | . . . . . Non-combat . | . . . . . Combat . | . . . . . Robot Hacks Applied . | . . . . . Relay Couplers Released . | . . . . . Fabnet Peak Effective % . | . . . . . Robots Rewired . | . . . . . Allies Hacked . | . . . . . Hacks Repelled . | . . . . . Allies | -11 -10 -10 -7 -7 -------- Run | Yrd Mat Sub Rec Scr Total Allies . | . . . . . Largest Group . | . . . . . Highest-Rated Group . | . . . . . Highest-Rated Ally . | . . . . . Total Orders . | . . . . . Ally Attacks . | . . . . . Total Damage . | . . . . . Kills . | . . . . . Allies Corrupted . | . . . . . Allies Melted . | . . . . . Intel | -11 -10 -10 -7 -7 ------- Run | Yrd Mat Sub Rec Scr Robot Analysis Total 1 | . 1 . . . Derelict Logs Recovered 1 | . . 1 . . Drone Launches . | . . . . . Drone Recoveries . | . . . . . Exploration | -11 -10 -10 -7 -7 ------------- Run | Yrd Mat Sub Rec Scr Turns Passed 10095 | 90 1377 6429 1550 649 Spaces Moved 5929 | 44 1187 2979 1173 546 Core 1017 | 44 234 739 . . Treads . | . . . . . Legs . | . . . . . Wheels 2826 | . . 1107 1173 546 Hover 1671 | . 538 1133 . . Flight 415 | . 415 . . . Fastest Speed 37 | 50 37 56 105 115 Average Speed 149 | 78 73 200 116 115 Slowest Speed 650 | 100 200 650 125 115 Overloaded Moves . | . . . . . Propulsion Burnouts . | . . . . . Robots Hopped 2 | . 2 . . . Cave-ins Triggered . | . . . . . Exploration Rate (%) 65 | 3 95 98 99 33 Regions Visited 4 Branch Regions 3 Pre-discovered Areas . | . . . . . Known Exits Taken 4 | 1 1 1 1 . Unknown Exits Taken . | . . . . . Scrap Searched 14 | . . 12 . 2 Spaces Dug 86 | . 4 71 10 1 Terrain Destroyed 270 | . 73 186 10 1 Melee 11 | . . . 10 1 Projectile 4 | . 4 . . . AOE 255 | . 69 186 . . Terrain Rammed . | . . . . . Walls Destroyed . | . . . . . Machines Disabled . | . . . . . Actions | -11 -10 -10 -7 -7 --------- Run | Yrd Mat Sub Rec Scr Total 6856 | 90 1625 3283 1285 573 Wait 528 | 31 343 135 19 . Move 5921 | 43 1182 2978 1172 546 Hop 2 | . 2 . . . Pick Up 48 | 7 10 8 13 10 Fast Attach 31 | 2 9 14 6 . Attach 16 | 1 10 2 1 2 Detach 9 | . 7 1 . 1 Swap 23 | . 5 9 7 2 Drop 61 | 1 14 19 16 11 Fire 150 | 5 42 103 . . Melee 50 | . . . 49 1 Ram 1 | . 1 . . . Kick . | . . . . . Crush . | . . . . . Escape Stasis . | . . . . . Rewire . | . . . . . Trap . | . . . . . Miscellaneous 16 | . . 14 2 . Route ------- -11/Scrapyard -10/Materials (discovered 5 exits: *Mat x3 / *Min / *Sub) -10/Subcaves (discovered 3 exits: *Mat x2 / *Rec) -7/Recycling (discovered 2 exits: *Fac / *Scr) -7/Scraptown History --------- Turn | Location | Event 8 | -11/Scrapyard | Identified exit to Materials 8 | -11/Scrapyard | Discovered exit to Materials (range 16) 91 | -11/Scrapyard | Entered Materials 91 | -10/Materials | Evolved 1 slot: Utility x1 171 | -10/Materials | Identified exit to Materials 171 | -10/Materials | Discovered exit to Materials (range 8) 306 | -10/Materials | Build established: Hacker-Mutant 624 | -10/Materials | Discovered exit to Materials (range 3) 859 | -10/Materials | Identified exit to Mines 859 | -10/Materials | Discovered exit to Mines (range 6) 951 | -10/Materials | Repaired Lgt. Ion Engine 1405 | -10/Materials | Discovered exit to Materials (range 9) 1440 | -10/Materials | Identified exit to Subcaves 1440 | -10/Materials | Discovered exit to Subcaves (range 10) 1468 | -10/Materials | Entered Subcaves 1606 | -10/Subcaves | Disturbed a concealed Subdweller 1928 | -10/Subcaves | Ambushed by Subdwellers from Twisted Machinery 2124 | -10/Subcaves | Identified exit to Materials 2124 | -10/Subcaves | Discovered exit to Materials (range 15) 2818 | -10/Subcaves | Identified exit to Recycling 2818 | -10/Subcaves | Discovered exit to Recycling (range 14) 3551 | -10/Subcaves | Build established: Subdweller-Mutant 3799 | -10/Subcaves | Discovered exit to Materials (range 11) 4155 | -10/Subcaves | Build established: Hacker-Mutant 6683 | -10/Subcaves | Visited 4L-MR0's lab 6700 | -10/Subcaves | Found Meta Core 6701 | -10/Subcaves | Attached Meta Core, gained temporary slots: Propulsion, Utility, Weapon 6912 | -10/Subcaves | Ambushed by Subdwellers from Twisted Machinery 7565 | -10/Subcaves | Shifting Twisted Machinery released Mak. Light Armor Plating 7614 | -10/Subcaves | Shifting Twisted Machinery released Mak. Leg 7779 | -10/Subcaves | Learned 2 Materials zone layouts 7897 | -10/Subcaves | Entered Recycling 8259 | -7/Recycling | Core integrity fell below 50% 8595 | -7/Recycling | Identified exit to Factory 8595 | -7/Recycling | Discovered exit to Factory (range 13) 8870 | -7/Recycling | Scanned before Scraplab entrance 8887 | -7/Recycling | Entered Scraplab 8901 | -7/Recycling | Identified exit to Scraptown 8901 | -7/Recycling | Discovered exit to Scraptown (range 3) 9447 | -7/Recycling | Entered Scraptown 9761 | -7/Scraptown | Visited Shadow of the Wyrm 9837 | -7/Scraptown | Visited Symbiants 10023 | -7/Scraptown | Attacked by Scraptown defenders 10096 | -7/Scraptown | Self-destructed Last Messages --------------- 09938_ Dropped Com. Wheel. 09938_ Acquired Transmission Jammer. Aside from the options menu, there are many more interface features and behavior you can tweak in Cogmind's advanced.cfg file, the functionality of which is described in the manual under Advanced UI: Advanced Options. 10023_ ANNOUNCEMENT: Intruder alert! Defend Scraptown! 10093_ Triborg activates siege mode. 10093_ Penetrated by Bolt. 10093_ Penetrated by Siege Slug. 10093_ Knocked back. 10095_ Penetrated by Siege Slug. 10095_ Adv. Targeting Computer destroyed. 10095_ Critical hit (Blast). 10096_ XO-VDT(h): "And where do you think you're going?" 10096_ Penetrated by Bolt. 10096_ Temporary Utility slot lost. Map ----- +----------------------------------------------------+ | ????????????????# #??????????????????????? | | ????????????????# #??????????????????????? | | ????????????????# ##?????????????????????? | | ????????????????# ""#????????????????????? | | ????????????????# ""?????????????????????? | | #???????????????# "??????????????????????? | | #???????????????# #??????????????????????? | | #???????????????# #####??????????????????? | | #???????????????# "??????????????????? | | #???????????????# "??????????????????? | | #???????????????# "??????????????????? | | #???????????????# "??????????????????? | | ################# p "??????????????????? | | TT "??????????????????? | | TT "??????????????????? | | h "??????????????????? | | "??????????????????? | | "??????????????????? | | #"??????????????????? | | #???????????????????? | | #???????????????????? | | #### ############## ### ####???????????????????? | | ## # #??????????????????????? | | ##" "# #??????????????????????? | | ##"" ""# #??????????????????????? | | ##"" ""# @#??????????????????????? | | ##"" ""# #??????????????????????? | | " "##"" ""#% #??????????????????????? | | # " " ###"" " " ""# ;??????????????????????? | | # # # #?#"""""X""""""# #??????????????????????? | | ########?#""""""""""""# #??????????????????????? | | ?????????############## #??????????????????????? | | ??????????????????????# #??????????????????????? | | ???????????############ #??????????????????????? | | ???????????#""""""""""" #??????????????????????? | | ???????????#""""" """"" #??????????????????????? | | ?????#######"""" " "" #??????????????????????? | | ?????# #??????????????????????? | | ??#### #####"" "" "" " #??????????????????????? | | ??#""" "#??#""""""""""" #??????????????????????? | | "?#""" "#??#""""""""""" #??????????????????????? | | "?#""" "#??############ #??????????????????????? | | "##"" "#?############# #??????????????????????? | | "##"" "#?#"""""""""""# #??????????????????????? | | "##" "#?#"" ! !! "# #??????????????????????? | | "##" ! "#?#"" =[=!! "# #??????????????????????? | | "##"" "#?#"" "# #??????????????????????? | | "##"" ""###""" """""""# #??????????????????????? | | #??????????????????????? | | #??????????????????????? | +----------------------------------------------------+ Best States ------------- Heat Dissipation 25 Energy Generation 17 Energy Capacity 200 Matter Stores 300 Matter Capacity 300 Sight Range 21 Robot Scan Range 14 Terrain Scan Density 10 ECM Strength 1 Armor Coverage 800 Resistance: KI 35 Resistance: TH 35 Resistance: EX 35 Resistance: EM 35 Resistance: I 35 Resistance: S 35 Resistance: P 35 Evasion (%) 62 Targeting Accuracy 8 Offensive Hacking 20 Item Schematics ----------------- None Robot Schematics ------------------ None Fabricated ------------ Nothing Alien Tech Used ----------------- None Achievements -------------- Quantum Hacking True Hacker Challenges ------------ None Game ------ Seed NullKineticCompactor Manual? 0 Play Time 01:25:09 Cumulative 41.6 hours Start 2024.11.22 @ 03:50:42 End 2024.11.22 @ 05:26:01 Sessions 1 Manual Loads 0 Difficulty Explorer Special Mode None Game No. 21 Rogue 0 Adventurer 2 Explorer 19 Win Type - Total 0 Types 0/0/0/0/0/0/0/0/0 Lore% 21 Gallery% 31 Achievement% 27 Wizard Run 0 Options --------- Layout 1 ASCII 0 Keyboard 0 Movement Numpad Keybinds 0 Fullscreen 1 Font 24/Smallcaps Map View 50x35 Zoom Use 0% Tactical HUD 1 Map Filters NONE Filters NONE Steam 1 RUN: f7f9326f-adf4-448f-bc01-04e352e383d8